 Dungeon Crawl Stone Soup version 0.31.0-11-ge490571c62 (webtiles) character file.

Game seed: 8896047523464255703

58 monsoonserge the Covert (level 3, -1/19 HPs)
             Began as a Spriggan Delver on Jan 30, 2024.
             Killed from afar by a white imp (10 damage)
             ... with a puff of frost
             ... on level 5 of the Dungeon.
             The game lasted 00:01:29 (245 turns).

monsoonserge the Covert (Spriggan Delver)            Turns: 245, Time: 00:01:30

Health: -1/19      AC:  9    Str:  8    XL:     3   Next: 75%
Magic:  4/4        EV: 15    Int: 11    God:
Gold:   0          SH:  0    Dex: 18    Spells: 2/2 levels left

rFire   . . .        a - +0 short sword
rCold   . . .        (no shield)
rNeg    . . .        h - quicksilver dragon scales
rPois   .            (helmet restricted)
rElec   .            (no cloak)
rCorr   .            (gloves unavailable)
SInv    +            (boots unavailable)
Will    +....        (no amulet)
Stlth   ++++         (no ring)
HPRegen 0.23/turn    (no ring)
MPRegen 0.09/turn

%: no passive effects
@: very quick
A: very small, no large weapons, unfitting armour, see invisible, speed 3
a: no special abilities


You were on level 5 of the Dungeon.
You visited 1 branch of the dungeon, and saw 1 of its levels.

Inventory:

Hand Weapons
 a - a +0 short sword (weapon)
Armour
 h - quicksilver dragon scales (worn)
Wands
 g - a wand of digging (3)
Scrolls
 b - a scroll of identify {unknown}
 c - a scroll of fog
 d - a scroll of revelation
 e - a scroll of fear
Potions
 f - a potion of haste


   Skills:
 + Level 2.7 Fighting
 + Level 2.3 Short Blades
 + Level 2.8 Dodging
 + Level 8.9 Stealth


You had 2 spell levels left.
You didn't know any spells.
Your spell library was empty.

Dungeon Overview and Level Annotations

Branches:
Dungeon (5/15)
 Temple: D:4-7

Altars:

Annotations:
D:5 2 runed translucent doors


Innate Abilities, Weirdness & Mutations

You are very small and have problems with some larger weapons.
You are too small for most types of armour.
You have supernaturally acute eyesight. (SInv)
You cover ground extremely quickly. (Speed+++)


Message History

An adder comes into view.
You hit the white imp but do no damage. The white imp misses you.
The orc shouts!
You hit the white imp but do no damage.
The white imp hits you but does no damage.
You hit the white imp but do no damage. The white imp barely misses you.
You hit the white imp.
The white imp is moderately wounded.
The white imp misses you.
You closely miss the white imp.
The white imp is moderately wounded.
The white imp hits you but does no damage.
You hit the white imp.
The white imp is moderately wounded.
The white imp barely misses you.
You barely miss the white imp.
The white imp is moderately wounded.
The white imp gestures at you. The puff of frost hits you!
Ouch! That really hurt!
You hit the white imp but do no damage.
The white imp is moderately wounded.
The white imp gestures at you. The puff of frost misses you.
You closely miss the white imp.
The white imp is moderately wounded.
A scorpion comes into view.
The white imp misses you.
The iguana hisses angrily.
You hit the white imp.
The white imp is heavily wounded.
You hit the white imp.
The white imp is almost dead.
The white imp closely misses you.
You barely miss the white imp.
The white imp is almost dead.
The white imp gestures at you. The puff of frost hits you!
Ouch! That really hurt!
You die...

#####
.....o##################
....oo5@................
.....s##################
...l. .... ... .. ### #
..#### .....# #


You could see a scorpion, an iguana, a white imp and 3 orcs.

Vanquished Creatures
  An iguana (D:5)
  A sleepcap (D:5)
  An adder (D:5)
3 creatures vanquished.

Notes
Turn   | Place    | Note
-------+----------+-------------------------------------------
     0 | D:5      | monsoonserge the Spriggan Delver began the quest for the
                  | Orb.
     0 | D:5      | Reached XP level 1. HP: 11/11 MP: 2/2
     2 | D:5      | Noticed a scorpion
    24 | D:5      | Noticed a sleepcap
    32 | D:5      | Killed a sleepcap
    33 | D:5      | Reached skill level 8 in Stealth
    33 | D:5      | Reached XP level 2. HP: 16/16 MP: 3/3
    52 | D:5      | Noticed a scorpion
   120 | D:5      | Reached XP level 3. HP: 11/19 MP: 4/4
   156 | D:5      | Found a runed translucent door.
   190 | D:5      | Found a runed translucent door.
   242 | D:5      | Noticed a scorpion
   245 | D:5      | Killed from afar by a white imp

Illustrated notes

Levels and vault maps discovered:
D:5:      layout_basic, ebering_ghost_sewer_f

Skill      XL: |  1 |
---------------+----+-----
Stealth        | 8 |  8.9
Fighting       | |  2.7
Short Blades   | |  2.3
Dodging        | |  2.8

Action                     || total
---------------------------++-------
  Melee: Short sword       ||    18
   Stab: Sleeping          ||     3
 Armour: Robe              ||     1
         Quicksilver drago ||     4
  Dodge: Dodged            ||     8
